 Dungeon Crawl Stone Soup version 0.31-a0-986-g5e6e4ef867 (webtiles) character file.

Game seed: 613365179912257158

189 p00ps00p the Trooper (level 5, -4/70 HPs)
             Began as a Hill Orc Fighter on Nov 11, 2023.
             Slain by Duvessa
             ... wielding a +0 short sword
              (7 damage)
             ... on level 4 of the Dungeon.
             The game lasted 00:02:47 (2341 turns).

p00ps00p the Trooper (Hill Orc Fighter)             Turns: 2341, Time: 00:02:48

Health: -4/70      AC: 22    Str: 21    XL:     5   Next: 68%
Magic:  5/5        EV:  2    Int:  8    God:
Gold:   67         SH:  4    Dex: 10    Spells: 4/4 levels left

rFire   . . .        a - +0 war axe
rCold   . . .        c - +0 buckler
rNeg    . . .        b - melded +0 scale mail
rPois   +            (helmet currently unavailable)
rElec   .            (cloak currently unavailable)
rCorr   .            (gloves currently unavailable)
SInv    .            (boots currently unavailable)
Will    .....        (no amulet)
Stlth   +            (no ring)
HPRegen 0.31/turn    (no ring)
MPRegen 0.09/turn

%: no passive effects
@: tree-form, hasted, very quick
A: stationary, stasis, torment immunity, boosted hp
a: no special abilities


You were on level 4 of the Dungeon.
You were a tree.
You visited 1 branch of the dungeon, and saw 4 of its levels.

You collected 67 gold pieces.

Inventory:

Hand Weapons
 a - a +0 war axe (weapon)
 h - the +3 whip of Cohehij {freeze, rElec}
   (You found it on level 2 of the Dungeon)

   rElec:     It insulates you from electricity.
Armour
 b - a +0 scale mail (melded)
 c - a +0 buckler (worn)
Wands
 i - a wand of flame (21)
Scrolls
 k - a scroll of amnesia
 l - a scroll of immolation
 m - 3 scrolls of identify
Potions
 d - a potion of might
 e - 3 potions of brilliance
 f - 2 potions of curing
 n - a potion of invisibility {unknown}


   Skills:
 + Level 4.8 Fighting
 + Level 4.4 Axes
 + Level 4.4 Armour
 + Level 4.4 Shields


You had 4 spell levels left.
You didn't know any spells.
Your spell library contained the following spells:

 Spells                   Type           Power      Damage    Failure   Level
 Magic Dart               Conj           0%         1d3       47%         1
 Searing Ray              Conj           0%         2d4       63%         2
 Fulminant Prism          Conj/Hex       0%         3d5       99%         4


Dungeon Overview and Level Annotations

Branches:
Dungeon (4/15)
 Temple: D:4-7

Altars:
Ashenzari

Annotations:
D:4 Duvessa


Message History

Dowan is nearby!
Duvessa, Sister of Dowan comes into view.
She is wielding a +0 short sword.
Duvessa shouts!
Dowan gestures wildly while chanting.
Dowan blinks!
You hit Dowan.
Dowan is lightly wounded.
Dowan hits you but does no damage. You block Dowan's attack.
You slash Dowan!
Dowan is moderately wounded.
Dowan hits you with a +3 dagger of venom.
You are poisoned.
You slash Dowan!
Dowan is severely wounded.
You hit Duvessa.
You feel very sick. You block Duvessa's attack. Dowan barely misses you.
You slash Dowan!
You kill Dowan!
Duvessa screams in rage.
Duvessa goes berserk!
You hit Duvessa.
You feel sick. You block Duvessa's attack. Duvessa closely misses you.
You hit Duvessa.
Duvessa is moderately wounded.
You feel sick.
Duvessa hits you with a +0 short sword! x2
* * * LOW HITPOINT WARNING * * *
You are too injured to fight recklessly!
You are too injured to fight recklessly!
You are too injured to fight recklessly!
You are too injured to fight recklessly!
It was a potion of curing.
You feel better. Duvessa barely misses you.
Duvessa hits you with a +0 short sword!
* * * LOW HITPOINT WARNING * * *
It was a potion of lignification.
You turn into a tree.
Your +0 scale mail melds into your body.
Your roots penetrate the ground.
Duvessa hits you with a +0 short sword.
* * * LOW HITPOINT WARNING * * *
It was a potion of haste.
You feel yourself speed up. Duvessa hits you but does no damage.
Duvessa hits you with a +0 short sword!
You die...

######.#.##.####.......
.........##.# #.##.###
#..[...†...# ##.##.# #
#.###...#..# #.....# #
#...#..###..##.# #
##(##..........###
#..##.####........
#.###.# #.####### #♣#
#.# #.##.##
#...e)....####.#(..###
+......#................
####..# #.###....<...###
#.# #. #.......## ##
###.......# #.......#
#.......# #.......#


You could see Duvessa (berserk).

Vanquished Creatures
  Dowan (D:4)
  A jelly (D:4)
  5 adders
  A dart slug (D:1)
  2 orcs (D:3)
  9 endoplasms
  3 giant cockroaches
  8 goblins
  4 hobgoblins
  3 jackals (D:2)
  3 kobolds
  2 quokkas
  3 ball pythons (D:2)
  7 bats
  3 frilled lizards
  7 rats
62 creatures vanquished.

Notes
Turn   | Place    | Note
-------+----------+-------------------------------------------
     0 | D:1      | p00ps00p the Hill Orc Fighter began the quest for the Orb.
     0 | D:1      | Reached XP level 1. HP: 19/19 MP: 1/1
   116 | D:1      | Reached XP level 2. HP: 27/27 MP: 2/2
   670 | D:1      | Found a faded altar of an unknown god.
   719 | D:1      | Reached XP level 3. HP: 33/33 MP: 3/3
   971 | D:2      | Reached XP level 4. HP: 40/40 MP: 4/4
  1143 | D:2      | Identified the +3 whip of Cohehij {freeze, rElec}
  2173 | D:4      | Reached XP level 5. HP: 39/47 MP: 5/5
  2208 | D:4      | Found a broken altar of Ashenzari.
  2332 | D:4      | Noticed Dowan
  2333 | D:4      | Noticed Duvessa
  2337 | D:4      | Killed Dowan
  2340 | D:4      | HP: 2/70 [Duvessa/+0 short sword (5)]
  2341 | D:4      | Slain by Duvessa

Illustrated notes

Levels and vault maps discovered:
D:1:      ncdulo_wetmaze, layout_loops_corners,
          shapermc_ecumenical_altar_mp_highgroup, solitary_fountain
D:2:      layout_basic, st_stairs_5, minmay_pentomino_o2
D:3:      layout_basic
D:4:      layout_loops_corners, old_standard_altar,
          mainiacjoe_overflow_alcove_4, uniq_duvessa

Skill      XL: |  1  2  3  4 |
---------------+-------------+-----
Axes           | 3 4 |  4.4
Fighting       | 4 |  4.8
Armour         | 4 |  4.4
Shields        | 4 |  4.4

Action                     |  1- 3 |  4- 6 || total
---------------------------+-------+-------++-------
  Melee: War axe           |    62 |    75 ||   137
    Use: Scroll            |     3 |     4 ||     7
         Potion            |       |     3 ||     3
 Armour: Scale mail        |    48 |    52 ||   100
         Skin              |       |     3 ||     3
  Dodge: Dodged            |    37 |    27 ||    64
  Block: Buckler           |    11 |    22 ||    33

Table legend: (Time is in decaauts)
 A = Elapsed time spent in this place.
 B = Non-inter-level travel time spent in this place.
 C = Inter-level travel time spent in this place.
 D = Time resting spent in this place.
 E = Time spent auto-exploring this place.
 F = Levels seen in this place.
 G = Mean time per level.
                   A        B        C        D        E       F      G
               +--------+--------+--------+--------+--------+-----+--------+
         Total |   2398 |   2335 |     63 |      0 |   1953 |   4 |  599.5 |
       Dungeon |   2398 |   2335 |     63 |      0 |   1953 |   4 |  599.5 |
               +--------+--------+--------+--------+--------+-----+--------+

Top non-repeatable levels by time:
     D:1: 933 daAuts
     D:2: 697 daAuts
     D:3: 570 daAuts
     D:4: 196 daAuts
